 Dungeon Crawl Stone Soup version 0.23-a0-650-ga4d50d4 (webtiles) character file.

2260 tilp the Spear-Bearer (level 9, -5/61 HPs)
             Began as a Merfolk Ice Elementalist on Jan 1, 2019.
             Was an Initiate of Makhleb.
             Slain by Harold
             ... wielding a +0 halberd
              (22 damage)
             ... on level 7 of the Dungeon on Jan 2, 2019.
             The game lasted 00:36:04 (9644 turns).

tilp the Spear-Bearer (Merfolk Ice Elementalist)    Turns: 9644, Time: 00:36:04

Health: -5/61      AC:  6    Str:  8    XL:     9   Next: 38%
Magic:  12/12      EV: 13    Int: 20    God:    Makhleb [......]
Gold:   152        SH:  0    Dex: 14    Spells: 7/13 levels left

rFire    . . .     SeeInvis .   a - +0 trident
rCold    . . .     Gourm    .   (no shield)
rNeg     . . .     Faith    .   q - +1 leather armour
rPois    +         Spirit   .   (no helmet)
rElec    .         Reflect  .   (no cloak)
rCorr    +         Harm     .   (no gloves)
MR       .....                  G - +1 pair of boots
Stlth    ++........             (no amulet)
HPRegen  0.20/turn              l - ring "Poat" {rCorr Int+2}
MPRegen  0.13/turn              u - ring of poison resistance

@: marked
A: change form in water, swift swim, stealthy swim
a: Renounce Religion


You were on level 7 of the Dungeon.
You worshipped Makhleb.
Makhleb was noncommittal.
You were near starving.

You visited 2 branches of the dungeon, and saw 8 of its levels.

You collected 273 gold pieces.
You spent 121 gold pieces at shops.

Inventory:

Hand Weapons
 a - a +0 trident (weapon)
 b - a +0 hunting sling
 e - a +0 dagger of venom
Missiles
 o - 107 sling bullets
 x - 2 throwing nets
 F - 4 javelins
 H - 4 tomahawks (quivered)
Armour
 q - a +1 leather armour (worn)
 G - a +1 pair of boots (worn)
Jewellery
 l - the ring "Poat" (left hand) {rCorr Int+2}
   (You found it on level 6 of the Dungeon)

   [ring of resist corrosion]

   It affects your intelligence (+2).
 t - an uncursed ring of resist corrosion {unknown}
 u - a ring of poison resistance (right hand)
 v - a +3 ring of strength {unknown}
 B - an uncursed ring of fire {unknown}
Wands
 s - a wand of paralysis (7)
 A - a wand of flame (25)
 D - a wand of random effects (13)
Scrolls
 d - a scroll of immolation
 j - a scroll of magic mapping {unknown}
 m - 2 scrolls of amnesia {unknown}
 n - a scroll of fear
 r - a scroll of random uselessness {unknown}
 w - 4 scrolls of identify
 y - 2 scrolls of blinking {unknown}
 E - a scroll of holy word
Potions
 g - 2 potions of curing
 h - a potion of brilliance
 p - 2 potions of flight
 z - a potion of ambrosia
Comestibles
 c - 8 rations


   Skills:
 - Level 2.0 Fighting
 - Level 14.1 Polearms
 - Level 4.0 Dodging
 - Level 2.1 Stealth
 + Level 2.6 Spellcasting
 - Level 0.7 Conjurations
 + Level 6.4 Ice Magic


You had 7 spell levels left.
You knew the following spells:

 Your Spells              Type           Power        Failure   Level  Hunger
a - Freeze                Ice            ####         1%          1    None
b - Throw Frost           Conj/Ice       ###...       8%          2    ##.....
c - Ozocubu's Armour      Chrm/Ice       ###.....     17%         3    ###....

Your spell library contained the following spells:

 Spells                   Type           Power        Failure   Level  Hunger
 Animate Skeleton         Necr           N/A          22%         1    None
 Pain                     Necr           #...         22%         1    None
 Throw Icicle             Conj/Ice       ###.....     45%         4    ####...
 Summon Ice Beast         Ice/Summ       ###.....     50%         4    ####...
 Regeneration             Chrm/Necr      #.........   54%         3    ###....
 Vampiric Draining        Necr           #.........   54%         3    ###....
 Animate Dead             Necr           N/A          91%         4    ####...


Dungeon Overview and Level Annotations

Branches:
Dungeon (7/15)             Temple (1/1) D:7

Altars:
Cheibriados
Elyvilon
Makhleb
Nemelex Xobeh
Sif Muna
Wu Jian
Yredelemnul
The Shining One

Shops:
D:4 *   D:5 *   D:6 !

Annotations:
D:3 exclusion: rat, Ijyb, Sigmund
D:4 Dowan, Duvessa, Menkaure
D:7 Harold


Message History

* * * LOW HITPOINT WARNING * * *
You feel much better.
Harold hits you from afar with a +0 halberd!!
* * * LOW HITPOINT WARNING * * *
Unknown command.
You are confused.
You feel invigorated.
You are too injured to fight recklessly!
You are too injured to fight recklessly!
You are too injured to fight recklessly!
Harold closely misses you. Harold closely misses you.
Harold gestures at you while chanting. The harpoon shot hits you!
* * * LOW HITPOINT WARNING * * *
You are yanked forward by the harpoon shot.
You feel less invigorated.
You feel less confused. Harold hits you with a +0 halberd!!
You die...

..........###########
.....##...........####
#.@####.#....#.....[.# .
.........###)#.♣.♣.#.##.....
.........# #.)..>..........#
........(# ##..♣.♣.........#
.........# ##.............#
...(.....######.@..........#
........)#.)(...@.(........#
###.#...#..#####...........##
..........## #####(.......##
##.###..#..########..........#
.8 #.....)..[..<#..........#
..#..#.....[.).#..........#
.8...#.........#..........#
...#............#..........#
8..#............##........##


You could see Harold.

Vanquished Creatures
  A hungry ghost (D:7)
  An orc warrior (D:6)
  An ice beast (D:6)
  2 sky beasts
  An ogre (D:7)
  2 centaurs
  2 big kobolds (D:7)
  3 scorpions
  2 howler monkeys (D:5)
  A bullfrog zombie (D:5)
  6 crimson imps
  A centaur zombie (D:5)
  A centaur skeleton (D:5)
  4 hounds
  2 orc priests
  An iguana (D:5)
  Jessica (D:3)
  3 bullfrog skeletons
  4 orc wizards
  7 worker ants
  A hound zombie (D:5)
  A worker ant zombie (D:5)
  A gnoll (D:4)
  7 adders
  A shadow imp (D:6)
  2 oozes (D:3)
  An adder zombie (D:5)
  4 worms
  7 dart slugs
  A leopard gecko (D:2)
  21 orcs
  2 ball pythons (D:2)
  7 bats
  A giant cockroach (D:2)
  12 goblins
  4 hobgoblins (D:2)
  2 jackals (D:7)
  2 quokkas (D:4)
  6 frilled lizards
  A goblin skeleton (D:5)
  A goblin zombie (D:5)
  12 kobolds
  2 kobold skeletons (D:5)
  3 kobold zombies (D:5)
  3 orc skeletons (D:5)
  An orc zombie (D:5)
  A quokka skeleton (D:4)
  7 rats
160 creatures vanquished.

Notes
Turn   | Place    | Note
-------+----------+-------------------------------------------
     0 | D:1      | tilp the Merfolk Ice Elementalist began the quest for the
                  | Orb.
     0 | D:1      | Reached XP level 1. HP: 13/13 MP: 3/3
   365 | D:1      | Reached XP level 2. HP: 18/19 MP: 1/5
   369 | D:1      | Learned a level 2 spell: Throw Frost
   961 | D:2      | Reached XP level 3. HP: 6/24 MP: 0/6
   966 | D:2      | Learned a level 3 spell: Ozocubu's Armour
  1272 | D:2      | Reached skill level 5 in Ice Magic
  1379 | D:2      | Reached XP level 4. HP: 25/30 MP: 0/7
  1616 | D:2      | Found a snail-covered altar of Cheibriados.
  2589 | D:3      | Found a white marble altar of Elyvilon.
  2813 | D:3      | Noticed Ijyb
  2859 | D:3      | Noticed Jessica
  2862 | D:3      | Killed Jessica
  2862 | D:3      | Reached skill level 1 in Fighting
  2862 | D:3      | Reached XP level 5. HP: 37/37 MP: 2/8
  3077 | D:3      | Found a sparkling altar of Nemelex Xobeh.
  3125 | D:3      | Noticed Sigmund
  3408 | D:4      | Noticed Duvessa
  3701 | D:4      | Reached skill level 2 in Polearms
  3701 | D:4      | Reached XP level 6. HP: 43/44 MP: 5/9
  3797 | D:4      | Reached skill level 3 in Polearms
  3826 | D:4      | Reached skill level 4 in Polearms
  4109 | D:4      | Reached skill level 5 in Polearms
  4221 | D:4      | Noticed Menkaure
  4318 | D:4      | Found a glowing golden altar of the Shining One.
  4424 | D:4      | Found Sagol's General Store.
  4428 | D:4      | Bought a potion of degeneration for 14 gold pieces
  4428 | D:4      | Bought a scroll of teleportation for 42 gold pieces
  4452 | D:4      | Reached XP level 7. HP: 35/50 MP: 3/10
  4693 | D:4      | Noticed Dowan
  4831 | D:5      | Entered Level 5 of the Dungeon
  4832 | D:5      | Upgraded the game from 0.23-a0-644-gb60d84b to
                  | 0.23-a0-650-ga4d50d4
  4913 | D:5      | Reached skill level 6 in Polearms
  5000 | D:5      | Found an ornate altar of the Wu Jian Council.
  5103 | D:5      | Reached skill level 7 in Polearms
  5153 | D:5      | Found a glowing golden altar of the Shining One.
  5676 | D:5      | Found Vasote's Assorted Antiques.
  5729 | D:5      | Reached skill level 8 in Polearms
  5869 | D:5      | Reached skill level 9 in Polearms
  6332 | D:5      | Reached XP level 8. HP: 39/56 MP: 11/11
  6465 | D:5      | Reached skill level 10 in Polearms
  7101 | D:6      | Got a shimmering tin ring
  7102 | D:6      | Identified the ring "Poat" {rCorr Int+2} (You found it on
                  | level 6 of the Dungeon)
  7104 | D:6      | Found a deep blue altar of Sif Muna.
  7166 | D:6      | Reached skill level 11 in Polearms
  7533 | D:6      | Reached skill level 12 in Polearms
  7550 | D:6      | Found Woxitoq's Distillery.
  8094 | D:6      | Bought a potion of heal wounds for 65 gold pieces
  8365 | D:6      | Reached skill level 13 in Polearms
  8643 | D:6      | Found a basalt altar of Yredelemnul.
  8665 | D:6      | Reached XP level 9. HP: 58/61 MP: 8/12
  9183 | D:7      | Found a staircase to the Ecumenical Temple.
  9191 | Temple   | Entered the Ecumenical Temple
  9201 | Temple   | Became a worshipper of Makhleb the Destroyer
  9275 | D:7      | Reached skill level 14 in Polearms
  9603 | D:7      | Noticed Harold
  9639 | D:7      | HP: 1/61 [Harold/+0 halberd (27)]
  9644 | D:7      | Slain by Harold

Vault maps used:
D:1:      dpeg_arrival_rhombi, serial_park_tiny_pond
D:2:      kennysheep_slug_shrine
D:3:      lemuel_coloured_pillars_altar, nemelex_dance_club_becter,
          uniq_jessica, uniq_ijyb, uniq_sigmund
D:4:      tso_oasis_becter, serial_shops, shop, minmay_misc_feat_diagonals,
          chequers_serial_rivers_small_a, minmay_fractal_squares_diagonal_5,
          uniq_menkaure, uniq_duvessa
D:5:      basic_altar, serial_shops, shop, first_ration,
          nicolae_tso_besieged_by_evil
D:6:      serial_shops, shop, basic_altar, yredelemnul_altar_generic
D:7:      minmay_temple_entry_trees, serial_shops, kennysheep_mini_moat,
          minmay_chambers_of_fives, uniq_harold
Temple:   bh_familiar_temple

Skill      XL: |  1  2  3  4  5  6  7  8  9 |
---------------+----------------------------+-----
Ice Magic      | 4 5 6 |  6.4
Fighting       | 1 2 |  2.0
Dodging        | 3 4 |  4.0
Polearms       | 2 5 9 13 14 | 14.1
Stealth        | |  2.1
Spellcasting   | |  2.6
Conjurations   | |  0.7

Action                   |  1- 3 |  4- 6 |  7- 9 || total
-------------------------+-------+-------+-------++-------
Melee: Dagger            |     7 |    22 |       ||    29
       Spear             |       |       |   140 ||   140
       Trident           |       |       |   173 ||   173
 Fire: Hunting sling     |       |    81 |    37 ||   118
Throw: Stone             |    66 |    55 |     2 ||   123
       Tomahawk          |       |       |    11 ||    11
 Cast: Freeze            |    48 |    75 |   100 ||   223
       Ozocubu's Armour  |       |     3 |    21 ||    24
       Throw Frost       |       |     1 |    23 ||    24
Evoke: Wand              |       |       |     8 ||     8
  Use: Scroll            |       |     6 |     6 ||    12
       Potion            |       |     1 |     6 ||     7
  Eat: Chunk             |     2 |    11 |    16 ||    29
       Ration            |       |       |     4 ||     4
Armor: Leather armour    |    11 |    13 |    89 ||   113
Dodge: Dodged            |    30 |    48 |   204 ||   282

Table legend:
 A = Non-vault XP
 B = Vault XP
 C = Vault XP percentage of total XP
 D = Non-vault monster count
 E = Vault monster count
 F = Vault count percentage of total count
                 A         B        C        D         E       F
            +---------+---------+-------+---------+---------+-------
      Total |    2851 |     378 |  11.7 |     137 |      23 |  14.4
            +---------+---------+-------+---------+---------+-------
        D:1 |      29 |       0 |   0.0 |      18 |       0 |   0.0
        D:2 |      81 |       4 |   4.7 |      26 |       1 |   3.7
        D:3 |      46 |      46 |  50.0 |      15 |       3 |  16.7
        D:4 |     220 |     195 |  47.0 |      13 |       6 |  31.6
        D:5 |     813 |      61 |   7.0 |      22 |      12 |  35.3
        D:6 |     908 |       0 |   0.0 |      18 |       0 |   0.0
        D:7 |     754 |      72 |   8.7 |      25 |       1 |   3.8
            +---------+---------+-------+---------+---------+-------
